AoeStats
← [NICE_ASS] BigMasi

MegaRandom

510183615Analyzed
4v4 RM · 2d ago on Sep 29, 2026· 103m 59s· 8 players
Game mode
Random Map
Map size
Large (8 player)
Population
200
Speed
Normal
Resources
Standard
Victory
Conquest
Starting age
Dark Age
Ending age
Imperial Age
RankedLock teamsTeams togetherTeam positionsShared explorationLock speedFull tech treeHidden civsTurbo modeCheats
Victory
Defeat
🇨🇭 Vietnamese · Switzerland
1316
+5
🇦🇺 Japanese · Australia
985
+16
🇮🇩 Shu · Indonesia
962
+17
🇮🇹 Byzantines · Italy
762
+24
🇫🇷 Italians · France
1051
-18
🇺🇸 Khmer · United States
1027
-17
🇺🇸 Lithuanians · United States
987
-15
🇪🇸 Saxons · Spain
918
-12
[NICE_ASS] BigMasi
7:37 Loom
10:47 Feudal Age
16:22 Castle Age
16:29 Double-Bit Axe
22:43 Bow Saw
23:32 Horse Collar
27:06 Fletching
27:17 Padded Archer Armor
29:17 Gold Mining
31:09 Wheelbarrow
33:09 Imperial Age
30:54 Town Watch
31:29 Stone Mining
31:49 Bodkin Arrow
32:09 Leather Archer Armor
32:31 Hand Cart
33:11 Leather Archer Armor
35:19 Two-Man Saw
34:21 Heavy Plow
35:32 Chemistry
34:53 Ballistics
34:51 Bracer
35:19 Elite Rattan Archer
36:32 Ballistics
37:13 Ring Archer Armor
37:36 Paper Money
37:30 Squires
37:16 Arson
37:39 Scale Mail Armor
37:29 Elite Fire Lancer
39:11 Scale Barding Armor
39:22 Chain Mail Armor
39:20 Forging
41:57 Plate Mail Armor
42:02 Iron Casting
40:58 Pikeman
42:02 Siege Engineers
42:07 Masonry
47:27 Halberdier
48:40 Murder Holes
48:26 Treadmill Crane
48:15 Halberdier
51:27 Caravan
51:13 Capped Ram
55:55 Onager
76:01 Town Patrol
76:45 Chatras
78:03 Scale Barding Armor
78:56 Bloodlines
78:46 Husbandry
79:05 Elite Battle Elephant
81:22 Chain Barding Armor
83:21 Plate Barding Armor
85:23 Coinage
85:03 Guilds
Paradise
10:21 Feudal Age
8:38 Loom
15:16 Castle Age
14:50 Wheelbarrow
14:23 Horse Collar
29:20 Heavy Plow
30:23 Crossbowman
30:57 Fletching
32:49 Hand Cart
37:10 Imperial Age
34:54 Forging
34:42 Bodkin Arrow
34:47 Padded Archer Armor
36:39 Leather Archer Armor
38:05 Bolt Magazine
38:15 Bracer
38:45 Ring Archer Armor
39:18 Chemistry
38:23 Siege Engineers
38:39 Ballistics
38:09 Arbalester
38:55 Thumb Ring
40:16 Coiled Serpent Array
40:39 Conscription
48:56 Gold Mining
51:35 Caravan
58:07 Town Watch
71:28 Onager
Rido
0:31 Loom
10:52 Feudal Age
14:44 Double-Bit Axe
18:03 Castle Age
19:33 Wheelbarrow
19:19 Pikeman
20:20 Horse Collar
24:04 Bow Saw
25:11 Gold Mining
25:11 Stone Mining
26:24 Hand Cart
30:22 Gold Shaft Mining
30:32 Heavy Plow
32:12 Scale Barding Armor
32:18 Forging
32:12 Squires
31:58 Arson
31:58 Gambesons
35:32 Imperial Age
33:25 Yasama
33:27 Fletching
33:30 Guard Tower
34:01 Ballistics
35:17 Masonry
34:48 Treadmill Crane
35:03 Murder Holes
35:19 Fortified Wall
36:33 Conscription
36:03 Arrowslits
37:20 Chemistry
36:01 Halberdier
37:20 Kataparuto
36:43 Man-at-Arms
38:18 Keep
37:53 Long Swordsman
39:01 Chain Barding Armor
38:37 Bodkin Arrow
39:41 Siege Engineers
40:32 Iron Casting
41:48 Two-Man Saw
40:23 Two-Handed Swordsman
41:51 Thumb Ring
42:12 Parthian Tactics
41:20 Champion
43:05 Blast Furnace
42:06 Bracer
44:51 Scale Mail Armor
44:52 Padded Archer Armor
55:15 Caravan
66:14 Chain Mail Armor
66:14 Leather Archer Armor
69:48 Plate Mail Armor
71:08 Ring Archer Armor
70:46 Thumb Ring
71:07 Parthian Tactics
81:58 Elite Samurai
82:07 Heavy Cavalry Archer
85:33 Coinage
CHFSwissMade
13:05 Feudal Age
16:53 Loom
19:27 Castle Age
17:22 Double-Bit Axe
17:19 Horse Collar
23:05 Bow Saw
23:01 Heavy Plow
34:41 Wheelbarrow
34:18 Padded Archer Armor
34:19 Scale Mail Armor
34:37 Pikeman
35:19 Squires
35:14 Fletching
35:36 Forging
37:30 Chain Mail Armor
37:50 Iron Casting
37:11 Bodkin Arrow
37:32 Leather Archer Armor
37:25 Stone Mining
37:31 Gold Mining
39:24 Loom
39:55 Hand Cart
45:14 Imperial Age
45:31 Treadmill Crane
46:11 Ballistics
45:29 Halberdier
46:44 Plate Mail Armor
46:44 Ring Archer Armor
46:15 Bracer
46:38 Conscription
46:54 Hoardings
47:41 Two-Man Saw
47:24 Crop Rotation
48:01 Elite Cataphract
48:52 Logistica
48:50 Scale Barding Armor
49:49 Chemistry
53:03 Arson
53:42 Chain Barding Armor
59:15 Elite Skirmisher
60:20 Imperial Skirmisher
88:21 Elite Varangian Guard
I THS I
10:10 Feudal Age
14:26 Double-Bit Axe
15:03 Bloodlines
21:53 Castle Age
22:48 Horse Collar
24:38 Heavy Plow
29:44 Wheelbarrow
33:33 Hand Cart
35:42 Elite Skirmisher
38:10 Gold Mining
38:10 Stone Mining
40:04 Padded Archer Armor
39:55 Fletching
40:16 Forging
44:36 Imperial Age
42:47 Gold Shaft Mining
42:49 Crossbowman
43:43 Bodkin Arrow
44:03 Leather Archer Armor
43:54 Scale Barding Armor
44:25 Iron Casting
45:44 Bracer
46:43 Parthian Tactics
47:06 Stone Shaft Mining
47:27 Double Crossbow
49:31 Ring Archer Armor
49:22 Chain Barding Armor
50:02 Blast Furnace
48:46 Heavy Cavalry Archer
49:17 Capped Ram
50:04 Heavy Scorpion
50:14 Siege Ram
51:21 Siege Ram
51:25 Light Cavalry
52:50 Ballistics
54:36 Elite Battle Elephant
56:09 Hussar
56:51 Husbandry
61:10 Plate Barding Armor
60:36 Scale Mail Armor
61:26 Conscription
68:23 Caravan
83:29 Tusk Swords
96:51 Siege Engineers
HowManyMustDie
11:56 Feudal Age
12:55 Loom
16:15 Castle Age
14:52 Double-Bit Axe
14:50 Horse Collar
18:13 Bloodlines
22:49 Wheelbarrow
22:41 Fervor
26:30 Bow Saw
26:33 Heavy Plow
28:01 Hand Cart
28:33 Stone Mining
28:33 Gold Mining
29:58 Stone Shaft Mining
35:05 Imperial Age
34:22 Caravan
34:53 Coinage
34:51 Fletching
35:07 Scale Barding Armor
35:07 Husbandry
34:28 Light Cavalry
36:11 Coinage
35:17 Elite Leitis
36:18 Conscription
37:39 Tower Shields
38:07 Chain Barding Armor
37:43 Bodkin Arrow
37:49 Padded Archer Armor
37:14 Winged Hussar
37:15 Cavalier
37:52 Elite Skirmisher
37:56 Crossbowman
40:13 Plate Barding Armor
41:36 Treadmill Crane
41:53 Murder Holes
42:53 Bracer
42:54 Padded Archer Armor
51:36 Thumb Ring
52:10 Leather Archer Armor
53:27 Ring Archer Armor
52:40 Paladin
53:58 Banking
60:57 Guilds
62:27 Chemistry
64:12 Ballistics
64:06 Forging
63:57 Scale Mail Armor
97:18 Onager
Lucas Grijander
4:43 Loom
11:17 Feudal Age
12:47 Wheelbarrow
16:07 Castle Age
14:40 Horse Collar
14:49 Double-Bit Axe
23:58 Hand Cart
29:01 Bow Saw
28:54 Heavy Plow
28:50 Stone Mining
28:51 Gold Mining
34:10 Imperial Age
32:15 Caravan
35:13 Gold Shaft Mining
34:51 Forging
34:42 Scale Mail Armor
34:34 Fletching
34:40 Town Watch
34:35 Shield Wall
35:26 Squires
35:12 Gambesons
34:48 Pikeman
36:46 Iron Casting
37:17 Chain Mail Armor
36:58 Bodkin Arrow
38:54 Chemistry
38:15 Ballistics
37:51 Murder Holes
38:07 Fortified Wall
38:07 Masonry
39:26 Two-Man Saw
39:05 Crop Rotation
39:09 Elite Varangian Guard
39:35 Arson
40:21 Bracer
40:52 Plate Mail Armor
43:21 Elite Hearth Troop
46:15 Heavy Scorpion
54:06 Halberdier
57:19 Architecture
56:54 Siege Engineers
56:38 Arrowslits
57:45 Padded Archer Armor
59:37 Leather Archer Armor
59:59 Coinage
59:42 Guilds
59:20 Elite Skirmisher
60:05 Thumb Ring
59:46 Cranequins
59:47 Heavy Mounted Crossbowman
68:02 Man-at-Arms
69:17 Long Swordsman
72:26 Ring Archer Armor
71:59 Two-Handed Swordsman
74:31 Champion
81:59 Onager
100:32 Town Patrol
Lizard Bro
10:40 Feudal Age
11:53 Loom
12:41 Town Watch
16:32 Castle Age
14:19 Horse Collar
14:34 Double-Bit Axe
17:40 Gold Mining
24:39 Wheelbarrow
26:00 Silk Road
26:23 Heavy Plow
32:23 Imperial Age
30:19 Fletching
30:30 Padded Archer Armor
31:06 Caravan
31:54 Thumb Ring
32:38 Elite Skirmisher
33:49 Bodkin Arrow
34:09 Leather Archer Armor
35:13 Bracer
35:38 Ballistics
35:19 Murder Holes
36:14 Conscription
36:23 Bow Saw
37:18 Ring Archer Armor
36:56 Scale Barding Armor
38:11 Hoardings
38:07 Squires
41:33 Chain Barding Armor
47:00 Chemistry
46:32 Husbandry
46:42 Bloodlines
45:53 Cavalier
47:59 Bloodlines
47:10 Cavalier
47:40 Pikeman
47:43 Man-at-Arms
48:26 Scale Mail Armor
48:36 Forging
49:35 Plate Barding Armor
52:05 Crossbowman
52:37 Arbalester
54:00 Iron Casting
53:41 Chain Mail Armor
55:25 Guilds
57:33 Crop Rotation
56:28 Light Cavalry
58:18 Two-Man Saw
59:12 Hussar
62:07 Coinage
62:34 Long Swordsman
63:00 Arson
66:02 Bombard Tower
65:24 Treadmill Crane
70:46 Banking
77:41 Blast Furnace
79:26 Masonry
78:57 Capped Ram
81:50 Pirotechnia
85:06 Elite Genoese Crossbowman
95:39 Hand Cart
95:24 Town Patrol
96:48 Onager
101:18 Architecture
Connection lost

Rejoining the realm…

Still unreachable

The connection could not be restored.

Session expired

The server has moved on; the page needs a fresh start.